 Dungeon Crawl Stone Soup version 0.26-a0-663-g36e8fdb655 (webtiles) character file.

Game seed: 9903295548017076455

214134 Birvald the Earth Mage (level 19, -4/120 HPs)
             Began as a Gargoyle Earth Elementalist on Oct 9, 2020.
             Was the Champion of Vehumet.
             Shot with an arrow by a ghostly deep elf master archer (28 damage)
             ... on level 3 of the Elven Halls on Oct 10, 2020.
             The game lasted 01:48:31 (40681 turns).

Birvald the Earth Mage (GrEE)                      Turns: 40681, Time: 01:48:32

Health: -4/120     AC: 29    Str: 16      XL:     19   Next: 37%
Magic:  15/35      EV: 20    Int: 36      God:    Vehumet [******]
Gold:   3444       SH:  0    Dex: 17 (19) Spells: 11/42 levels left

rFire    + + +     SeeInvis +   e - +12 flail of Delicate Cruel Justice {vorpal, MP-9 Int+4 Dex+2}
rCold    + . .     Faith    .   (no shield)
rNeg     + . .     Spirit   .   l - +4 robe of Augmentation {Str+4 Int+4 Dex+4}
rPois    ∞         Reflect  .   i - +1 hat {MR+}
rElec    +         Harm     .   J - +1 cloak
rCorr    .         Rampage  .   Y - +1 pair of gloves {Dex+3}
MR       +++..                  j - +2 pair of boots
Stlth    +++.......             V - amulet of magic regeneration
HPRegen  0.30/turn              K - ring "Fyacoz" {MR+ MP+9 Int+4}
MPRegen  0.49/turn              T - ring "Wihyuni" {+Inv rF+++ SInv}

@: flying, lightly drained
A: big wings, camouflage 1, cold resistance 1, deterioration 1, negative energy
resistance 1, electricity resistance, unbreathing, petrification resistance, rot
immunity, AC +14
a: Stop Flying, Renounce Religion, Evoke Invisibility


You were on level 3 of the Elven Halls.
You worshipped Vehumet.
Vehumet was exalted by your worship.
You visited 7 branches of the dungeon, and saw 35 of its levels.
You also visited: Ossuary, Bailey and Gauntlet.

You collected 4982 gold pieces.
You spent 1538 gold pieces at shops.

Inventory:

Hand Weapons
 e - the +12 flail of Delicate Cruel Justice (weapon) {vorpal, MP-9 Int+4 Dex+2}
   (You found it on level 3 of the Lair of Beasts)

   It inflicts extra damage upon your enemies.
   It affects your intelligence (+4).
   It affects your dexterity (+2).
   It affects your magic capacity (-9).
Missiles
 b - 829 stones (quivered)
 W - a throwing net
Armour
 h - +3 steam dragon scales
 i - a +1 hat of magic resistance (worn)
 j - a +2 pair of boots (worn)
 l - the +4 robe of Augmentation (worn) {Str+4 Int+4 Dex+4}
   (You found it on level 4 of the Swamp)

   It affects your strength (+4).
   It affects your intelligence (+4).
   It affects your dexterity (+4).
 u - a +2 robe of cold resistance
 J - a +1 cloak (worn)
 P - a scarf of resistance
 Y - a +1 pair of gloves of dexterity (worn)
Jewellery
 K - the ring "Fyacoz" (left hand) {MR+ MP+9 Int+4}
   (You found it on level 1 of the Snake Pit)

   [ring of magical power]

   It affects your intelligence (+4).
   It affects your resistance to hostile enchantments.
   It affects your magic capacity (+9).
 S - an uncursed ring of wizardry
 T - the ring "Wihyuni" (right hand) {+Inv rF+++ SInv}
   (You found it on level 2 of the Swamp)

   [ring of see invisible]

   It renders you almost immune to fire.
   It lets you see invisible.
   It lets you turn invisible.
 V - an amulet of magic regeneration (around neck)
Wands
 m - a wand of polymorph (22)
 s - a wand of enslavement (13)
 x - a wand of iceblast (24)
 C - a wand of digging (7)
 E - a wand of acid (27)
 I - a wand of disintegration (16)
 O - a wand of paralysis (13)
Scrolls
 a - 2 scrolls of holy word
 d - 14 scrolls of remove curse
 f - 8 scrolls of amnesia
 o - 7 scrolls of magic mapping
 q - 4 scrolls of summoning
 r - 10 scrolls of teleportation
 t - 2 scrolls of fog
 w - 3 scrolls of immolation
 y - 3 scrolls of fear
 F - 3 scrolls of enchant weapon
 G - 3 scrolls of brand weapon
 N - 7 scrolls of identify
 Z - 2 scrolls of blinking
Potions
 c - 5 potions of might
 g - 18 potions of curing
 k - 12 potions of stabbing
 n - 11 potions of brilliance
 p - 6 potions of ambrosia
 v - 3 potions of berserk rage
 z - 3 potions of magic
 A - 7 potions of lignification
 B - 5 potions of heal wounds
 D - 3 potions of resistance
 H - 2 potions of cancellation
 L - a potion of haste
 M - 2 potions of mutation
 X - a potion of invisibility
Miscellaneous
 Q - a condenser vane (2/2)
 R - a lightning rod (4/4)


   Skills:
 + Level 13.4(13.3) Fighting
 + Level 12.3 Maces & Flails
 - Level 6.0(5.9) Armour
 + Level 10.7(10.6) Dodging
 - Level 2.1 Stealth
 + Level 12.2 Spellcasting
 + Level 13.9(13.8) Conjurations
 - Level 0.7(0.6) Transmutations
 * Level 13.2(13.1) Fire Magic
 + Level 15.4(15.3) Earth Magic
 + Level 6.8 Evocations


You had 11 spell levels left.
You knew the following spells:

 Your Spells              Type           Power        Failure   Level
a - Sandblast             Erth           ######       0%          1
b - Stone Arrow           Conj/Erth      ######       0%          3
c - Lee's Rapid Deconstr  Erth           #######...   1%          5
d - Iron Shot             Conj/Erth      #######...   1%          6
e - Starburst             Conj/Fire      #######...   1%          6
f - Fireball              Conj/Fire      #######...   1%          5
g - Irradiate             Conj/Tmut      ######....   1%          5

Your spell library contained the following spells:

 Spells                   Type           Power        Failure   Level
 Chain Lightning          Conj/Air       ######....   83%         8
 Fire Storm               Conj/Fire      #######...   85%         9
 Absolute Zero            Ice            ###.......   100%        9
 Foxfire                  Conj/Fire      ####         0%          1
 Magic Dart               Conj           ####         0%          1
 Conjure Flame            Conj/Fire      #######.     0%          3
 Beastly Appendage        Tmut           ####..       1%          1
 Corona                   Hex            ###....      1%          1
 Shock                    Conj/Air       ####         1%          1
 Summon Small Mammal      Summ           ###.         1%          1
 Passwall                 Tmut/Erth      ######..     1%          2
 Dazzling Flash           Conj/Hex       ######       1%          3
 Inner Flame              Hex/Fire       ######..     1%          3
 Mephitic Cloud           Conj/Pois/Air  ######..     1%          3
 Petrify                  Tmut/Erth      ######..     1%          4
 Sticky Flame             Conj/Fire      #######.     1%          4
 Orb of Destruction       Conj           #######...   1%          7
 Blink                    Tloc           N/A          2%          2
 Call Imp                 Summ           ###.....     2%          2
 Ensorcelled Hibernation  Hex/Ice        ###...       2%          2
 Slow                     Hex            ###.....     2%          2
 Wereblood                Tmut           ####....     2%          2
 Spider Form              Tmut/Pois      ###.......   4%          3
 Call Canine Familiar     Summ           ###.....     5%          3
 Confusing Touch          Hex            ###.....     5%          3
 Summon Guardian Golem    Hex/Summ       ###.....     5%          3
 Tukima's Dance           Hex            ###.....     5%          3
 Yara's Violent Unravell  Hex/Tmut       ###.......   12%         5
 Freezing Cloud           Conj/Ice/Air   ######....   12%         6
 Ice Form                 Ice/Tmut       ###.....     16%         4
 Cause Fear               Hex            ###.......   19%         4
 Summon Ice Beast         Ice/Summ       ###.....     19%         4
 Summon Lightning Spire   Summ/Air       ###.....     19%         4
 Blade Hands              Tmut           ####......   36%         5
 Metabolic Englaciation   Hex/Ice        ###.......   45%         5
 Silence                  Hex/Air        ###.......   45%         5
 Ozocubu's Refrigeration  Ice            ###.......   54%         6
 Shatter                  Erth           #######...   61%         9
 Hydra Form               Tmut           ####......   91%         6
 Simulacrum               Ice/Necr       ###.......   96%         6
 Dragon Form              Tmut           ####......   100%        7
 Summon Hydra             Summ           ###.......   100%        7
 Discord                  Hex            ###.......   100%        8
 Statue Form              Tmut/Erth      Unusable     N/A         6

Dungeon Overview and Level Annotations

Branches:
Dungeon (15/15)            Temple (1/1) D:7            Lair (6/6) D:9
  Swamp (4/4) Lair:3        Snake (4/4) Lair:3        Slime (0/5) Lair:5
    Orc (2/2) D:10            Elf (3/3) Orc:2        Vaults (0/5) D:14
 Depths (0/5) D:15        Ossuary (visited)          Bailey (visited)
Gauntlet (visited)

Altars:
Ashenzari
Cheibriados
Dithmenos
Elyvilon
Fedhas
Gozag
Hepliaklqana
Kikubaaqudgha
Makhleb
Nemelex Xobeh
Okawaru
Qazlal
Ru
Sif Muna
Trog
Uskayaw
Vehumet
Wu Jian
Xom
Yredelemnul
Zin
The Shining One

Shops:
D:13 (   D:15 (   Orc:2 *=[*   Elf:2 }**   Elf:3 }   Snake:2 ?

Annotations:
D:4 2 runed translucent doors, bennofresh's ghost, amateur MiHu
D:8 2 transporters, MrRokkomies's ghost, novice DsGl
Swamp:3 3 runed translucent doors, Fiutuit's ghost, adept GrEE; Qunur's ghost, adept MfMo; Unagoy's ghost, journeyman OpBe; feta's ghost, adept BaIE
Elf:2 3 runed translucent doors


Innate Abilities, Weirdness & Mutations

You are resistant to torment.
Your stone body is resilient. (AC +14)
You are immune to poison.
Your large and strong wings let you fly indefinitely.
You resist negative energy. (rN+)
You are resistant to electric shocks. (rElec)
You can survive without breathing.
You are immune to petrification.
You are immune to rotting.
Your skin changes colour to match your surroundings (Stealth+).
Your flesh is cold resistant. (rC+)
Your body sometimes deteriorates upon taking damage.


Message History

You destroy the ghostly deep elf death mage!
Vehumet accepts your kill.
You feel your power returning.
The ghostly deep elf master archer shoots an arrow.
The arrow hits you!
The ghostly deep elf master archer shoots an arrow.
The arrow hits you!
Your body deteriorates!
You feel clumsy.
Things that are here:
an arrow; a +0 long sword The ghostly deep elf master archer shoots an arrow.
The arrow hits you!
You see here an arrow.
You are too injured to fight recklessly!
The ghostly deep elf master archer shoots an arrow.
The arrow hits you!!
* * * LOW HITPOINT WARNING * * *
The ghostly deep elf master archer shoots an arrow.
The arrow hits you!!
You die...

#e# #.# ###e####### ###
#.#.#.....####### #.#
#####..#...........# ##.##
#......).....#####.###...##
#.####.#........##.##.....#
#.# ##.########)##.#.....).
#.###...#e@(()...).........
##..#......#####.##.........
#..#.......### #.##.........
#.#..........###.##.........
#..#.......#.#........)....#
###.#......#.....##........#
#.##...#.#.#.####......#.#
#.###.##.#.#.####.##.###.#
#.# ####.#............##.#


You could see a ghostly deep elf master archer.

Vanquished Creatures
  Nikola (Snake:3)
  Rupert (Lair:6)
  A tentacled monstrosity (Swamp:2)
  3 thorn hunters
  Agnes (Elf:1)
  The ghost of zhorgal the Thaumaturge, a journeyman GnWz of Cheibriados (Swamp:2)
  5 deep elf sorcerers
  A very ugly thing (Swamp:2)
  Nessos (Lair:6)
  2 deep elf annihilators (Elf:3)
  A deep elf demonologist (Elf:1)
  A minotaur (Gauntlet)
  Snorg (D:11)
  A fire dragon (Lair:6)
  6 deep elf death magi
  Josephine (Lair:6)
  An ogre mage (D:15)
  2 deep elf high priests (Elf:3)
  4 naga warriors
  13 hydras
  2 catoblepae
  3 shambling mangroves
  2 anacondas
  9 alligators
  5 centaur warriors
  6 two-headed ogres
  Erica (D:9)
  17 death yaks
  A tengu warrior (D:15)
  2 death knights
  Urug (D:11)
  An orc high priest (Orc:2)
  10 dancing weapons
  4 naga sharpshooters
  12 deep elf knights
  6 shock serpents
  A shock serpent (shapeshifter) (Elf:3)
  6 spriggans
  2 sixfirhies (Gauntlet)
  A skeletal warrior (D:15)
  2 sea snakes (Snake:4)
  5 swamp dragons
  A spriggan druid (Swamp:2)
  2 unseen horrors
  A naga ritualist (Snake:3)
  10 deep elf archers
  A phantasmal warrior (D:15)
  28 ugly things
  A wolf spider zombie (D:13)
  4 orc knights
  An orb spider (shapeshifter) (D:15)
  4 mana vipers
  64 deep elf magi
  2 wolf spiders (Lair:6)
  4 orc sorcerers (Orc:2)
  4 cyclopes
  3 oklob plants
  2 manticores
  Maurice (D:12)
  A guardian serpent (Lair:6)
  8 salamanders
  An elephant (Lair:5)
  11 naga magi
  21 black mambas
  3 centaur skeletons
  A gargoyle (D:10)
  24 cane toads
  A kobold demonologist (D:12)
  2 freezing wraiths (D:15)
  10 komodo dragons
  5 rime drakes
  A demonic crawler (Lair:4)
  A meliai (shapeshifter) (Elf:3)
  10 tyrant leeches
  5 trolls
  A polar bear (Lair:6)
  17 hornets
  8 bog bodies
  A hornet (shapeshifter) (D:13)
  12 blink frogs
  A wolf spider simulacrum (D:15)
  10 dream sheep
  14 slime creatures
  A meliai zombie (D:15)
  A redback (Lair:6)
  3 shadows
  4 water elementals
  Sigmund (D:6)
  2 air elementals
  2 dire elephant simulacra (Lair:2)
  55 yaks
  7 wraiths
  16 humans (D:14)
  A human (shapeshifter) (D:14)
  14 wyverns
  4 steam dragons
  2 fire elementals (Elf:1)
  4 basilisks
  19 swamp worms
  21 vampire mosquitoes
  5 insubstantial wisps (Swamp:4)
  21 nagas
  2 wargs
  23 water moccasins
  3 soldier ants
  2 acid dragons (Lair:6)
  6 swamp drakes
  6 ice beasts
  4 sky beasts
  28 orc warriors
  5 black bears
  20 ogres
  2 necrophages
  4 phantoms
  20 wolves
  12 centaurs
  8 big kobolds
  22 bullfrogs
  2 gnoll sergeants
  2 cane toad simulacra (Lair:2)
  An earth elemental (Elf:2)
  3 scorpions
  14 killer bees
  2 electric eels
  18 wights
  6 howler monkeys
  4 centaur zombies
  A bullfrog zombie (D:12)
  4 jellies
  8 hounds
  13 orc priests
  16 iguanas
  37 orc wizards
  A water moccasin simulacrum (Lair:2)
  2 bullfrog skeletons
  A gnoll shaman (D:10)
  13 worker ants
  A wolf simulacrum (Lair:2)
  A bullfrog simulacrum (Lair:2)
  A hound zombie (D:9)
  A hound skeleton (D:7)
  8 mummies (Ossuary)
  A howler monkey zombie (D:8)
  2 worker ant zombies
  19 gnolls
  10 adders
  3 white imps
  5 ufetubi
  3 oozes (Lair:5)
  An adder skeleton (D:5)
  A worm (D:3)
  9 leopard geckos
  74 orcs
  7 giant cockroaches
  9 goblins
  4 hobgoblins
  6 jackals
  40 kobolds
  6 quokkas
  A ball python (D:3)
  3 bats
  8 frilled lizards
  2 giant cockroach zombies
  4 hobgoblin zombies (Ossuary)
  3 kobold zombies (Ossuary)
  2 leopard gecko skeletons (D:4)
  A leopard gecko zombie (D:5)
  An orc zombie (Ossuary)
  A quokka zombie (D:8)
  7 rats
1192 creatures vanquished.

Vanquished Creatures (collateral kills)
  A phantom (D:7)
1 creature vanquished.

Vanquished Creatures (others)
  A deep elf mage (Elf:1)
  An orc wizard (Orc:2)
  An iguana (Lair:6)
  2 orcs (Orc:2)
  A frilled lizard (Lair:3)
  A bush (Lair:5)
  2 demonic plants (Gauntlet)
  43 fungi
  74 plants
  2 withered plants (Swamp:3)
128 creatures vanquished.

Grand Total: 1321 creatures vanquished

Notes
Turn   | Place    | Note
-------+----------+-------------------------------------------
     0 | D:1      | Birvald the Gargoyle Earth Elementalist began the quest for
                  | the Orb.
     0 | D:1      | Reached XP level 1. HP: 10/10 MP: 3/3
     6 | D:1      | Noticed a rime drake
     6 | D:1      | Noticed a black bear
     6 | D:1      | Noticed a lindwurm
     7 | D:1      | Noticed an anaconda
   395 | D:1      | Reached XP level 2. HP: 15/15 MP: 5/5
   406 | D:1      | Found a broken altar of Ashenzari.
   419 | D:1      | Reached skill level 4 in Earth Magic
  1228 | D:2      | Reached XP level 3. HP: 19/19 MP: 4/7
  1287 | D:2      | Found a sacrificial altar of Ru.
  1292 | D:2      | Learned a level 3 spell: Stone Arrow
  2097 | D:3      | Reached skill level 1 in Conjurations
  2097 | D:3      | Reached XP level 4. HP: 18/24 MP: 8/8
  2159 | D:3      | Noticed an ice beast
  2183 | D:3      | Killed an ice beast
  2183 | D:3      | Reached skill level 5 in Earth Magic
  2183 | D:3      | Reached XP level 5. HP: 20/28 MP: 6/10
  2856 | D:3      | Reached XP level 6. HP: 32/32 MP: 11/11
  2952 | D:4      | Learned a level 5 spell: Lee's Rapid Deconstruction
  2957 | D:4      | Noticed a black bear
  2996 | D:4      | Killed a black bear
  2996 | D:4      | Reached skill level 6 in Earth Magic
  3005 | D:4      | Reached XP level 7. HP: 31/36 MP: 13/13
  3213 | D:4      | Found a large runed translucent door.
  3213 | D:4      | Found a large runed translucent door.
  3213 | D:4      | Noticed bennofresh's ghost (amateur MiHu)
  3354 | D:4      | Found a shimmering blue altar of Sif Muna.
  3485 | D:5      | Entered Level 5 of the Dungeon
  3720 | D:5      | Reached skill level 7 in Earth Magic
  3757 | D:5      | Reached skill level 1 in Fighting
  3757 | D:5      | Reached skill level 1 in Maces & Flails
  3757 | D:5      | Reached skill level 1 in Armour
  3757 | D:5      | Reached XP level 8. HP: 43/43 MP: 13/15
  3839 | D:5      | Found an iron altar of Okawaru.
  3875 | D:5      | Reached skill level 5 in Spellcasting
  3875 | D:5      | Reached skill level 1 in Evocations
  4232 | D:6      | Noticed Sigmund
  4238 | D:6      | Killed Sigmund
  4316 | D:6      | Reached skill level 5 in Conjurations
  4784 | D:6      | Found a broken altar of Ashenzari.
  4784 | D:6      | Found a stormy altar of Qazlal.
  4903 | D:7      | Found a sand-covered staircase.
  4908 | Ossuary  | Entered an ossuary
  5087 | Ossuary  | Reached XP level 9. HP: 49/49 MP: 17/17
  5305 | D:7      | Found a staircase to the Ecumenical Temple.
  5313 | Temple   | Entered the Ecumenical Temple
  5514 | Temple   | Became a worshipper of Vehumet
  5613 | D:7      | Found a white marble altar of Elyvilon.
  5674 | D:7      | Found a basalt altar of Yredelemnul.
  5674 | D:7      | Found a burning altar of Makhleb.
  5674 | D:7      | Found a shadowy altar of Dithmenos.
  5849 | D:7      | Reached skill level 8 in Earth Magic
  6415 | D:8      | Reached * piety under Vehumet
  6415 | D:8      | Offered knowledge of Freeze by Vehumet.
  6415 | D:8      | Reached XP level 10. HP: 53/56 MP: 19/19
  6535 | D:8      | Found a transporter.
  6542 | D:8      | Noticed MrRokkomies's ghost (novice DsGl)
  6629 | D:8      | Found a transporter.
  7010 | D:9      | Noticed Erica
  7172 | D:9      | Noticed a red ugly thing
  7192 | D:9      | Killed a red ugly thing
  7196 | D:9      | Killed Erica
  7196 | D:9      | Reached ** piety under Vehumet
  7196 | D:9      | Offered knowledge of Searing Ray by Vehumet.
  7241 | D:9      | Reached skill level 5 in Fighting
  7256 | D:9      | Found a staircase to the Lair.
  7366 | D:9      | Reached skill level 5 in Armour
  7366 | D:9      | Reached skill level 9 in Earth Magic
  7463 | D:9      | Found an iron altar of Okawaru.
  7636 | D:10     | Entered Level 10 of the Dungeon
  7667 | D:10     | Found a staircase to the Orcish Mines.
  7674 | D:10     | Reached XP level 11. HP: 43/64 MP: 20/20
  7674 | D:10     | Reached skill level 5 in Maces & Flails
  7879 | D:10     | Offered knowledge of Ignite Poison by Vehumet.
  8151 | D:10     | Reached *** piety under Vehumet
  8373 | D:10     | Gained mutation: Your skin changes colour to match your
                  | surroundings (Stealth+). [potion of mutation]
  8373 | D:10     | Gained mutation: Your flesh is cold resistant. (rC+)
                  | [potion of mutation]
  8409 | D:10     | Reached skill level 5 in Evocations
  8660 | D:11     | Noticed Urug
  8672 | D:11     | Killed Urug
  8672 | D:11     | Offered knowledge of Fulminant Prism by Vehumet.
  8672 | D:11     | Reached skill level 5 in Dodging
  9009 | D:11     | Noticed Snorg
  9013 | D:11     | Killed Snorg
  9013 | D:11     | Reached skill level 10 in Earth Magic
  9133 | D:11     | Noticed a centaur warrior
  9160 | D:11     | Killed a centaur warrior
  9160 | D:11     | Reached XP level 12. HP: 42/71 MP: 23/23
  9797 | D:11     | Reached **** piety under Vehumet
 10068 | D:12     | Found a gate leading to a gauntlet.
 10087 | Gauntlet | Entered a Gauntlet
 10087 | Gauntlet | Found a transporter.
 10087 | Gauntlet | Found a transporter.
 10105 | Gauntlet | Noticed a queen ant
 10125 | Gauntlet | Found a transporter.
 10125 | Gauntlet | Found a transporter.
 10128 | Gauntlet | Found a transporter.
 10130 | Gauntlet | Found the +0 staff of Battle
 10135 | Gauntlet | Identified the +2 robe "Molassea" {+Inv Str+2 Slay+3
                  | Stlth-}
 10140 | Gauntlet | Found a transporter.
 10204 | Gauntlet | Found a transporter.
 10214 | Gauntlet | Found a transporter.
 10229 | Gauntlet | Found a transporter.
 10239 | Gauntlet | Found a transporter.
 10254 | Gauntlet | Found a transporter.
 10260 | Gauntlet | Found a transporter.
 10462 | Gauntlet | Got a pair of masterwork gloves
 10473 | Gauntlet | Identified the -5 pair of gloves of Context {Regen+} (You
                  | found it in a Gauntlet)
 10532 | Gauntlet | Identified the +2 chain mail of Disguise {Int+3}
 10532 | Gauntlet | Noticed a minotaur
 10537 | Gauntlet | Killed a minotaur
 10641 | D:12     | Noticed a sun demon
 10657 | D:12     | Offered knowledge of Frozen Ramparts by Vehumet.
 10890 | D:12     | Noticed a five-headed hydra
 10899 | D:12     | Killed a five-headed hydra
 11063 | D:12     | Noticed a six-headed hydra
 11068 | D:12     | Killed a six-headed hydra
 11463 | D:12     | Noticed a two-headed ogre
 11470 | D:12     | Killed a two-headed ogre
 11608 | D:12     | Noticed Maurice
 11623 | D:12     | Killed Maurice
 11623 | D:12     | Reached skill level 11 in Earth Magic
 11776 | D:12     | Reached XP level 13. HP: 78/78 MP: 25/25
 11957 | D:12     | Reached ***** piety under Vehumet
 12167 | D:13     | Offered knowledge of Olgreb's Toxic Radiance by Vehumet.
 12401 | D:13     | Found Sadehaf Win's Antique Weapon Shop.
 13170 | D:14     | Found a gate to the Vaults.
 13182 | D:14     | Reached skill level 10 in Conjurations
 13324 | D:14     | Learned a level 5 spell: Irradiate
 13410 | D:14     | Offered knowledge of Starburst by Vehumet.
 13418 | D:14     | Learned a level 6 spell: Starburst
 13511 | D:14     | Reached skill level 1 in Fire Magic
 14341 | Lair:1   | Entered Level 1 of the Lair of Beasts
 14371 | Lair:1   | Gained mutation: Your large and strong wings let you fly
                  | indefinitely. [Gargoyle growth]
 14371 | Lair:1   | Reached XP level 14. HP: 70/86 MP: 27/27
 14655 | Lair:1   | Reached skill level 12 in Earth Magic
 15613 | Lair:2   | Found a transporter.
 15696 | Lair:2   | Found a transporter.
 16194 | Lair:3   | Found a staircase to the Snake Pit.
 17029 | Lair:3   | Found a staircase to the Swamp.
 17175 | Lair:3   | Reached skill level 5 in Fire Magic
 17548 | Lair:3   | Got a transparent flail
 17549 | Lair:3   | Identified the +12 flail of Delicate Cruel Justice {vorpal,
                  | MP-9 Int+4 Dex+2} (You found it on level 3 of the Lair of
                  | Beasts)
 18787 | Lair:5   | Offered knowledge of Freezing Cloud by Vehumet.
 18841 | Lair:5   | Learned a level 5 spell: Fireball
 18901 | Lair:5   | Reached skill level 10 in Fighting
 19149 | Lair:5   | Found a staircase to the Slime Pits.
 19462 | Lair:5   | Reached XP level 15. HP: 81/92 MP: 28/28
 19485 | Lair:5   | Reached skill level 10 in Spellcasting
 20438 | Lair:6   | Entered Level 6 of the Lair of Beasts
 21900 | Lair:6   | Noticed Nessos
 21914 | Lair:6   | Killed Nessos
 22212 | Lair:6   | Offered knowledge of Orb of Destruction by Vehumet.
 22218 | Lair:6   | Reached skill level 13 in Earth Magic
 22828 | Lair:6   | Reached skill level 10 in Maces & Flails
 23092 | Lair:6   | Noticed Josephine
 23101 | Lair:6   | Killed Josephine
 23511 | Lair:6   | Identified the Catalogue of Transmigration and the Rocks
 23523 | Lair:6   | Noticed Rupert
 23527 | Lair:6   | Paralysed by Rupert for 5 turns
 23534 | Lair:6   | Killed Rupert
 23710 | Orc:1    | Entered Level 1 of the Orcish Mines
 23791 | Orc:1    | Found a flagged portal.
 23804 | Bailey   | Entered a bailey
 23917 | Bailey   | Learned a level 7 spell: Orb of Destruction
 23930 | Bailey   | Reached ****** piety under Vehumet
 23930 | Bailey   | Offered knowledge of Bolt of Magma by Vehumet.
 24066 | Orc:1    | You are sucked into a shaft and drop 1 floor!
 24066 | Orc:2    | Entered Level 2 of the Orcish Mines
 24107 | Orc:2    | Found a staircase to the Elven Halls.
 24122 | Orc:2    | Paralysed by an orc sorcerer for 2 turns
 24129 | Orc:2    | Paralysed by an orc sorcerer for 3 turns
 24131 | Orc:2    | HP: 4/94 [red devil/+0 trident[an orc sorcerer] (3)]
 24136 | Orc:2    | Reached XP level 16. HP: 47/100 MP: 30/30
 25179 | Orc:2    | Found Luywnik's Armour Shoppe.
 25179 | Orc:2    | Found Hamoh's Assorted Antiques.
 25182 | Orc:2    | Found Hungu's General Store.
 25182 | Orc:2    | Found Betopniq's Jewellery Emporium.
 25229 | Orc:2    | Bought a potion of curing for 84 gold pieces
 25854 | D:15     | Entered Level 15 of the Dungeon
 26410 | D:15     | Offered knowledge of Iron Shot by Vehumet.
 27402 | D:15     | Found Tivveexu's Antique Weapon Boutique.
 27535 | D:15     | Found a staircase to the Depths.
 27739 | D:15     | Upgraded the game from 0.26-a0-661-g406de6ba63 to
                  | 0.26-a0-663-g36e8fdb655
 27950 | Snake:1  | Entered Level 1 of the Snake Pit
 28109 | Snake:1  | Learned a level 6 spell: Iron Shot
 28549 | Snake:1  | Got a serpentine iron ring
 28551 | Snake:1  | Identified the ring "Fyacoz" {MR+ MP+9 Int+4} (You found it
                  | on level 1 of the Snake Pit)
 29369 | Snake:2  | Found Muimen's Magic Scroll Shoppe.
 29375 | Snake:2  | Bought a scroll of acquirement for 832 gold pieces
 29375 | Snake:2  | Acquired 1288 gold pieces
 29380 | Snake:2  | Reached skill level 10 in Fire Magic
 30195 | Snake:2  | Bought a scroll of identify for 32 gold pieces
 30195 | Snake:2  | Bought a scroll of enchant armour for 120 gold pieces
 30195 | Snake:2  | Bought a scroll of blinking for 120 gold pieces
 30195 | Snake:2  | Bought a scroll of enchant armour for 120 gold pieces
 30195 | Snake:2  | Bought a scroll of teleportation for 48 gold pieces
 30195 | Snake:2  | Bought a scroll of identify for 32 gold pieces
 30195 | Snake:2  | Bought a scroll of identify for 32 gold pieces
 30545 | Snake:3  | Reached XP level 17. HP: 106/106 MP: 32/32
 30611 | Snake:3  | Reached skill level 14 in Earth Magic
 30973 | Snake:3  | Offered knowledge of Spellforged Servitor by Vehumet.
 31202 | Snake:3  | Found a hide-covered altar of Uskayaw.
 31269 | Snake:3  | Noticed Nikola
 31277 | Snake:3  | Killed Nikola
 32373 | Snake:4  | Entered Level 4 of the Snake Pit
 32729 | Swamp:1  | Entered Level 1 of the Swamp
 34084 | Swamp:2  | Found a transporter.
 34288 | Swamp:2  | Found a transporter.
 34456 | Swamp:2  | Found a runed translucent door.
 34457 | Swamp:2  | Noticed zhorgal's ghost (journeyman GnWz)
 34476 | Swamp:2  | Killed zhorgal's ghost
 34580 | Swamp:2  | Offered knowledge of Fire Storm by Vehumet.
 34580 | Swamp:2  | Offered knowledge of Chain Lightning by Vehumet.
 34580 | Swamp:2  | Offered knowledge of Absolute Zero by Vehumet.
 34644 | Swamp:2  | Noticed a tentacled monstrosity
 34653 | Swamp:2  | Killed a tentacled monstrosity
 34653 | Swamp:2  | Reached skill level 10 in Dodging
 34808 | Swamp:2  | Got a heavily runed amber ring
 34809 | Swamp:2  | Identified the ring of Sonowk {*Tele Str+4 Int+3 Dex-5}
                  | (You found it on level 2 of the Swamp)
 34823 | Swamp:2  | Got a bound marble ring
 34826 | Swamp:2  | Identified the ring "Wihyuni" {+Inv rF+++ SInv} (You found
                  | it on level 2 of the Swamp)
 34942 | Swamp:3  | Noticed Qunur's ghost (adept MfMo)
 34944 | Swamp:3  | Noticed Unagoy's ghost (journeyman OpBe)
 34944 | Swamp:3  | Noticed feta's ghost (adept BaIE)
 34945 | Swamp:3  | Found a runed translucent gate.
 34945 | Swamp:3  | Found a runed translucent gate.
 34945 | Swamp:3  | Found a runed translucent gate.
 34945 | Swamp:3  | Noticed Fiutuit's ghost (adept GrEE)
 35236 | Swamp:3  | Reached XP level 18. HP: 112/112 MP: 22/33
 35319 | Swamp:3  | Got a transparent cloak
 35320 | Swamp:3  | Identified the +0 cloak of the Salamander {*Drain rPois
                  | rF+++ Str-5} (You found it on level 3 of the Swamp)
 35944 | Swamp:4  | Entered Level 4 of the Swamp
 36050 | Swamp:4  | Found the +4 robe of Augmentation {Str+4 Int+4 Dex+4}
 36678 | Elf:1    | Entered Level 1 of the Elven Halls
 37217 | Elf:1    | Reached skill level 15 in Earth Magic
 37845 | Elf:1    | Noticed Agnes
 37851 | Elf:1    | Killed Agnes
 38283 | Elf:1    | Identified the Disquisition on Supportive Arcane Weapons
 38875 | Elf:2    | Found Ecuekh's Gadget Boutique.
 38982 | Elf:2    | Gained mutation: Your body sometimes deteriorates upon
                  | taking damage. [a neqoxec]
 39028 | Elf:2    | Found Leisch's General Store.
 39031 | Elf:2    | Bought a scroll of magic mapping for 70 gold pieces
 39042 | Elf:2    | Found Dela's Assorted Antiques.
 39066 | Elf:2    | Bought a scroll of identify for 48 gold pieces
 39202 | Elf:2    | Reached XP level 19. HP: 107/119 MP: 33/35
 39267 | Elf:2    | Found a runed translucent gate.
 39268 | Elf:2    | Found a runed translucent gate.
 39268 | Elf:2    | Found a runed translucent gate.
 39486 | Elf:3    | Entered Level 3 of the Elven Halls
 39565 | Elf:3    | Found Ususut's Gadget Shop.
 40681 | Elf:3    | Shot with an arrow by a ghostly deep elf master archer

Illustrated notes

Levels and vault maps discovered:
D:1:      onia_arrival_zoo_common, layout_loops_ring, ashenzari_altar_1
D:2:      layout_basic, nicolae_ru_the_path_less_chosen
D:3:      layout_basic, kennysheep_path_1, chequers_mini_garden,
          hangedman_glass_teeth, kennysheep_generic_room_6
D:4:      layout_rooms, led_sif_pool, serial_aquarium, aquarium_bridge_straight
          [aquarium_subvault_bridge, aquarium_subvault_wall,
          aquarium_subvault_bridge, aquarium_subvault_wall],
          aquarium_window_fake, aquarium_window_1, aquarium_window_fake,
          aquarium_view_2c, aquarium_balcony_1b, ebering_ghost_disaster_area
D:5:      layout_rooms, old_standard_altar, kennysheep_diamond
D:6:      layout_loops_ring, gammafunk_temple_overflow_elements, uniq_sigmund
D:7:      layout_basic, elyvilon_altar_1, gammafunk_temple_overflow_claw,
          minmay_temple_entry_mist, nicolae_ossuary_entry_false_entrances
D:8:      layout_cave_pools, gammafunk_ghost_arena
D:9:      layout_rooms, lair_entry_dummy, basic_altar, uniq_erica
D:10:     layout_stronghold, kennysheep_orc_monster_closet_entryway,
          st_stairs_14
D:11:     layout_irregular_city, minmay_puff, uniq_urug, uniq_snorg
D:12:     layout_basic, gauntlet_entry_generic, uniq_maurice
D:13:     layout_roguey, serial_shops, shop_statue
D:14:     layout_loops_ring, david_vaults_3, minmay_holes
D:15:     grunt_enter_depths_magical_seal, layout_cross,
          wad_floor_pattern_untrapped, serial_shops, shop
Temple:   nicolae_temple_figure_eight
Lair:1:   layout_regular_city, infiniplex_staircase_pool_2
Lair:2:   gammafunk_cloud_chamber, layout_loops_ring, infiniplex_staircase_pool,
          minmay_lair_oklob_chamber
Lair:3:   lemuel_reptile_caves, layout_hall_layers, minmay_swamp_entry_swarm,
          dummy_snake_entry, lemuel_fruit_fields
Lair:4:   layout_roguey, worms_lemuel
Lair:5:   layout_small_grid, nicolae_slime_entry_slimehenge, minivault_26,
          lookout_lair_type, beast_lair_carwin_7, lemuel_fruit_tree
Lair:6:   guppyfry_lair_end_dragon, layout_hall_layers,
          hangedman_lair_tendril_chambers, minmay_lair_oklob_items, uniq_rupert,
          uniq_josephine, uniq_nessos
Swamp:1:  layout_basic_swamp, nicolae_swamp_trees_clearing
Swamp:2:  gammafunk_its_a_trap, layout_basic_swamp, ebering_ghost_inner_flame,
          evilmike_swamp_ruin_house_3
Swamp:3:  layout_falls_marsh, gammafunk_ghost_cemetery,
          evilmike_swamp_ruin_rubble_2
Swamp:4:  swamp_basic_johnstein, layout_basic_swamp, swamp_pool1, uniq_aizul
Snake:1:  layout_chambers, nicolae_snake_double_loop
Snake:2:  layout_cave_shapes, serial_shops, nicolae_shop_trees
Snake:3:  layout_layer_cave, basic_altar, uniq_nikola
Snake:4:  snake_pit, layout_basic
Orc:1:    layout_caves, enter_bailey_7
Orc:2:    st_orc_mages, layout_caves, portal_ice_cave_entry_pillars_2
Elf:1:    eino_elf_arrival_customs, layout_geoelf_diagonals, minmay_elf_sorcery,
          uniq_agnes
Elf:2:    layout_geoelf_diagonals, serial_shops, nicolae_shop_trees, shop, shop,
          minivault_27, corexii_leaking_fountain
Elf:3:    minmay_elf_hall_four_x, layout_loops_ring, serial_shops, shop,
          eino_tiny_chamber

Skill      XL: |  1  2  3  4  5  6  7  8  9 10 11 12 13 14 15 16 17 18 19 |
---------------+----------------------------------------------------------+-----
Earth Magic    | 4 5 6 7 8 9 10 11 12 13 14 15 | 15.4
Spellcasting   | 3 4 5 6 7 8 9 10 11 12 | 12.2
Conjurations   | 1 2 3 4 5 6 7 8 9 10 11 12 13 | 13.9
Fighting       | 1 2 3 5 6 8 9 10 11 12 13 | 13.4
Maces & Flails | 1 2 3 4 6 7 8 9 10 11 12 | 12.3
Armour         | 1 2 4 5 6 |  6.0
Dodging        | 2 3 4 5 6 7 8 9 10 | 10.7
Evocations     | 2 3 4 5 6 |  6.8
Fire Magic     | 2 6 8 10 11 12 13 | 13.2
Stealth        | |  2.1
Transmutations | |  0.7

Action                   |  1- 3 |  4- 6 |  7- 9 | 10-12 | 13-15 | 16-18 | 19-21 || total
-------------------------+-------+-------+-------+-------+-------+-------+-------++-------
Melee: Club              |    88 |       |       |       |       |       |       ||    88
       Unarmed           |     6 |       |       |       |       |       |       ||     6
       Rapier            |    29 |    24 |       |       |       |       |       ||    53
       Short sword       |       |    42 |   318 |   424 |   533 |       |       ||  1317
       Flail             |       |       |       |       |   586 |   923 |    46 ||  1555
 Cast: Sandblast         |     5 |    19 |    29 |     7 |    12 |    11 |     1 ||    84
       Lee's Rapid Decon |       |     1 |     4 |    48 |    58 |    70 |    13 ||   194
       Stone Arrow       |       |       |    18 |    30 |    55 |     6 |       ||   109
       Starburst         |       |       |       |       |     6 |     4 |       ||    10
       Irradiate         |       |       |       |       |    16 |    22 |       ||    38
       Fireball          |       |       |       |       |     3 |    20 |     9 ||    32
       Orb of Destructio |       |       |       |       |     3 |     3 |       ||     6
       Iron Shot         |       |       |       |       |       |   147 |    20 ||   167
 Abil: Fly               |       |       |       |       |     1 |       |       ||     1
Evoke: Wand              |       |       |       |     6 |    25 |    12 |       ||    43
       Lightning rod     |       |       |       |       |     4 |       |       ||     4
       Condenser vane    |       |       |       |       |       |     1 |       ||     1
  Use: Scroll            |     7 |     3 |    14 |    14 |    14 |    16 |     2 ||    70
       Potion            |       |     2 |       |     7 |     2 |       |     5 ||    16
 Stab: Sleeping          |     6 |     4 |     3 |     6 |    15 |    17 |       ||    51
       Distracted        |       |       |       |     2 |     2 |     2 |       ||     6
       Confused          |       |       |       |       |     1 |     1 |       ||     2
Armor: Robe              |    40 |    38 |   209 |   238 |   346 |    59 |    21 ||   951
       Steam dragon scal |       |       |       |       |   142 |   438 |       ||   580
Dodge: Dodged            |    94 |    73 |   303 |   380 |  1289 |  1012 |    20 ||  3171

Table legend: (Time is in decaauts)
 A = Elapsed time spent in this place.
 B = Non-inter-level travel time spent in this place.
 C = Inter-level travel time spent in this place.
 D = Time resting spent in this place.
 E = Time spent auto-exploring this place.
 F = Levels seen in this place.
 G = Mean time per level.
                   A        B        C        D        E       F      G
               +--------+--------+--------+--------+--------+-----+--------+
         Total |  40639 |  38252 |   2387 |   6689 |  22695 |  38 | 1069.4 |
       Dungeon |  15628 |  14610 |   1018 |   2004 |   8814 |  15 | 1041.9 |
        Temple |    211 |    202 |      9 |      0 |    194 |   1 |  211.0 |
          Lair |   9521 |   9046 |    475 |   2056 |   5025 |   6 | 1586.8 |
         Swamp |   3793 |   3416 |    377 |    532 |   2189 |   4 |  948.2 |
     Snake Pit |   4675 |   4404 |    271 |    601 |   3049 |   4 | 1168.8 |
  Orcish Mines |   1780 |   1670 |    110 |    205 |   1015 |   2 |  890.0 |
   Elven Halls |   3944 |   3819 |    125 |   1028 |   2085 |   3 | 1314.7 |
       Ossuary |    331 |    331 |      0 |     85 |     88 |   1 |  331.0 |
        Bailey |    239 |    239 |      0 |      0 |     28 |   1 |  239.0 |
      Gauntlet |    514 |    514 |      0 |    177 |    207 |   1 |  514.0 |
               +--------+--------+--------+--------+--------+-----+--------+

Top non-repeatable levels by time:
  Lair:6: 2984 daAuts
   Elf:1: 1964 daAuts
 Snake:3: 1936 daAuts
  Lair:5: 1880 daAuts
  Lair:3: 1828 daAuts
    D:14: 1777 daAuts
    D:12: 1636 daAuts
    D:11: 1475 daAuts
 Snake:1: 1437 daAuts
 Swamp:3: 1387 daAuts
 Swamp:2: 1373 daAuts
    D:15: 1235 daAuts
 Snake:2: 1223 daAuts
   Elf:3: 1167 daAuts
    D:13: 1158 daAuts
